Map: Lerilak Crest

Players

SupplyDepot

  • Race: Zerg Zerg
  • League: Gold

capac - Winner!

  • Race: Terran Terran
  • League: Gold

VOD

Have the link to the VOD?

Description

Time

  • Played on: Feb. 9, 2016, 2:35 p.m.
  • Length: 13:28
Show
View Real Time Build Order
Export as new Build Order

SupplyDepot Zerg 

Build Orders: Pool First 

Get SALT Encoding   

  12  0:01  Drone  
  13  0:08  Drone  
  14  0:16  Overlord  
  14  0:25  Extractor, Drone  
  15  0:43  Spawning Pool  
  15  0:46  Drone  
  15  0:47  Extractor  
  14  0:50  Drone  
  14  0:55  Drone  
  16  1:04  Drone  
  17  1:20  Drone  
  17  1:22  Overlord  
  18  1:31  Roach Warren  
  17  1:37  Queen  
  19  1:49  Drone  
  19  1:50  Zergling x2  
  20  2:13  Hatchery  
  19  2:18  Roach  
  19  2:22  Roach  
  23  2:28  Roach  
  25  2:36  Overlord  
  25  2:48  Drone x2  
  25  2:49  Drone  
  28  2:54  Ravager  
  28  2:55  Ravager  
  30  3:03  Ravager  
  31  3:06  Drone x2  
  31  3:09  Overlord  
  33  3:22  Drone x3  
  38  3:35  Queen  
  38  3:37  Drone  
  38  3:38  Drone x2  
  37  4:08  Roach x4  
  37  4:09  Roach x2  
  46  4:25  Roach x2  
  50  4:31  Spawning Pool  
  50  4:34  Evolution Chamber  
  50  4:38  Roach  
  51  4:39  Overlord  
  51  4:41  Drone  
  52  4:57  Ravager  
  53  5:01  Drone x3  
  53  5:02  Drone x4  
  60  5:22  Extractor  
  60  5:24  Hatchery  
  58  5:32  Roach  
  60  5:42  Roach x2  
  60  5:45  Overlord x2  
  60  5:46  Overlord  
  60  5:53  Extractor  
  59  5:59  Overlord x3  
  59  6:00  Overlord x2  
  59  6:11  Roach  
  59  6:12  Roach x5  
  71  6:23  Drone  
  71  6:24  Drone x3  
  75  6:35  Queen  
  75  6:37  Roach x3  
  83  6:48  Zerg Missile Weapons Level 1  
  83  6:52  Roach x3  
  89  6:54  Extractor  
  89  6:58  Drone  
  89  6:59  Drone x6  
  95  7:10  Overlord x2  
  95  7:16  Roach x2  
  99  7:29  Roach x4  
  109  7:30  Roach x2  
  109  7:36  Roach x2  
  115  7:43  Drone x5  
  120  7:59  Roach  
  120  8:00  Roach x5  
  124  8:06  Roach x2  
  126  8:13  Roach x4  
  126  8:14  Roach  
  134  8:34  Roach x2  
  138  8:37  Overlord x3  
  138  8:43  Lair  
  138  8:49  Overlord x2  
  138  8:58  Roach x2  
  138  8:59  Roach x6  
  154  9:05  Roach x3  
  160  9:23  Roach x4  
  160  9:24  Roach x2  
  172  9:27  Zergling x2  
  172  9:28  Zergling x6  
  176  9:48  Ravager x2  
  178  9:54  Overlord x5  
  178  9:55  Overlord  
  178  10:05  Zerg Missile Weapons Level 2  
  178  10:09  Overseer  
  178  10:11  Queen  
  178  10:12  Overseer  
  182  10:15  Drone  
  182  10:16  Drone x3  
  184  10:30  Roach x2  
  184  10:31  Roach x4  
  194  10:55  Overlord  
  194  10:56  Overlord  
  194  11:03  Roach  
  194  11:04  Roach x2  
  180  11:23  Roach  
  180  11:24  Roach x6  
  180  11:25  Roach  
  187  11:33  Roach x5  
  187  11:34  Roach  
  137  12:06  Roach x3  
  137  12:07  Roach x7  
  137  12:08  Roach x4  
  132  12:15  Roach  
  122  12:43  Roach x2  
  122  12:44  Roach x3  
  128  12:58  Roach  
  128  12:59  Roach x4  
Show
View Real Time Build Order
Export as new Build Order

capac Terran - Winner!

Build Orders: Bio Tank 

Get SALT Encoding   

  12  0:01  SCV  
  13  0:13  SCV  
  14  0:20  Supply Depot  
  14  0:25  SCV  
  15  0:42  SCV  
  16  0:44  Barracks  
  16  0:54  SCV  
  17  0:59  Refinery  
  17  1:09  SCV  
  18  1:25  SCV  
  19  1:35  Supply Depot, Marine  
  20  1:42  SCV  
  21  2:04  Command Center  
  21  2:05  Marine  
  21  2:08  Factory  
  22  2:10  Orbital Command  
  22  2:22  Marine  
  23  2:38  SCV  
  23  2:40  Marine  
  24  2:52  Factory Tech Lab  
  24  2:56  Bunker  
  24  2:57  SCV  
  25  3:07  Command Center  
  25  3:09  Marine  
  26  3:17  Siege Tank  
  29  3:32  Bunker  
  29  3:33  Marine  
  30  3:41  Refinery  
  30  3:44  Barracks  
  27  4:11  Siege Tank  
  27  4:12  Marine  
  27  4:15  Supply Depot  
  31  4:30  Barracks  
  31  4:31  SCV  
  32  4:36  Barracks Tech Lab, Barracks Reactor  
  32  4:44  SCV  
  33  4:47  Bunker  
  33  4:58  Marine  
  34  5:00  SCV  
  34  5:01  Orbital Command  
  35  5:16  Marine  
  37  5:22  Orbital Command  
  37  5:27  Barracks Reactor  
  36  5:30  Barracks  
  36  5:33  Starport  
  35  6:04  SCV x2  
  35  6:05  SCV  
  35  6:06  Marine x2  
  35  6:07  Marine  
  35  6:09  Stimpack  
  41  6:12  Siege Tank  
  41  6:14  Starport Reactor  
  44  6:18  Barracks  
  44  6:19  Barracks Reactor  
  44  6:24  Marine  
  45  6:25  Supply Depot  
  45  6:40  Marine x2  
  45  6:41  Marine x2  
  45  6:43  SCV x2  
  45  6:44  SCV  
  52  6:50  Supply Depot  
  52  6:55  SCV  
  52  7:00  Engineering Bay  
  54  7:01  Engineering Bay, SCV  
  54  7:02  SCV  
  55  7:13  Siege Tank  
  55  7:14  Supply Depot  
  58  7:15  SCV  
  58  7:17  SCV x2  
  61  7:25  Marine x4  
  61  7:27  Supply Depot, SCV  
  61  7:29  Marine x3, SCV  
  71  7:33  Barracks Reactor  
  70  7:39  Supply Depot  
  70  7:41  SCV  
  70  7:42  Supply Depot, SCV x2  
  73  7:48  Refinery  
  73  7:52  Supply Depot  
  73  7:54  SCV x3  
  72  8:13  Medivac  
  72  8:14  Medivac  
  72  8:15  Marine x5  
  80  8:32  Marine x2  
  80  8:33  Marine x5  
  81  8:35  Marine x2  
  81  8:37  SCV x3  
  86  8:45  Medivac x2  
  86  8:46  Siege Tank  
  93  8:49  SCV x2  
  93  8:50  Supply Depot, Marine  
  93  8:51  SCV  
  93  8:53  Supply Depot  
  93  8:54  Marine  
  98  9:01  SCV x2  
  100  9:03  Terran Infantry Weapons Level 1, Terran Infantry Armor Level 1, SCV  
  100  9:09  Refinery  
  101  9:14  Refinery  
  101  9:15  Refinery  
  101  9:16  Supply Depot  
  101  9:23  Siege Tank  
  104  9:24  Combat Shields  
  104  9:26  Marine x4  
  108  9:37  Liberator  
  108  9:49  Marine x5  
  108  9:50  Marine x3  
  108  9:52  Liberator  
  116  9:55  Siege Tank  
  116  9:58  Supply Depot  
  116  9:59  Supply Depot  
  122  10:11  Marine x6  
  122  10:12  Marine x2  
  133  10:25  Supply Depot  
  133  10:29  Siege Tank  
  133  10:32  Marine x5  
  133  10:33  Marine  
  142  10:37  Medivac  
  144  10:50  Liberator  
  144  10:52  Medivac  
  146  11:05  Liberator  
  152  11:33  Liberator  
  152  11:47  Liberator  
  136  12:21  Liberator  
  136  12:23  Marine x4  
  136  12:24  Marine x5  
  136  12:26  Siege Tank  
  148  12:38  Command Center  
  148  12:39  Command Center  
  148  12:41  Marine x5  
Tags
 
Composition
Bio Tank
League
GoldGold
Matchup
TvZ
Opening
Pool First
Add a new tag
Caveats
  • Supply blocks, unpowered buildings, or Contaminate may cause inaccurate times.
  • Supply counts are checked every 10 seconds.